 Dungeon Crawl Stone Soup version 0.25.0-11-g1f837a76a1 (console) character file.

Game seed: 16514533381261768378

3762 Kagalorn the Charlatan (level 10, -7/66 HPs)
             Began as a Halfling Ice Elementalist on June 26, 2020.
             Was an Initiate of Gozag.
             Mangled by a black bear (12 damage)
             ... on level 8 of the Dungeon.
             The game lasted 00:25:41 (10224 turns).

Kagalorn the Charlatan (Halfling Ice Elementalist) Turns: 10224, Time: 00:25:41

Health: -7/66      AC:  6    Str:  6    XL:     10   Next: 38%
Magic:  8/18       EV: 16    Int: 18    God:    Gozag
Gold:   396        SH:  0    Dex: 16    Spells: 16/20 levels left

rFire    + . .     SeeInvis .   a - +10 mace {vorpal, +Rage Str-5 Int+4}
rCold    . . .     Gourm    .   (shield restricted)
rNeg     . . .     Faith    .   m - +1 leather armour {rF+}
rPois    .         Spirit   .   p - +0 helmet
rElec    .         Reflect  .   G - scarf {+Inv}
rCorr    .         Harm     .   (no gloves)
MR       .....                  (no boots)
Stlth    ++........             (no amulet)
HPRegen  0.21/turn              (no ring)
MPRegen  0.16/turn              (no ring)

@: gold aura, frozen ramparts, very slightly contaminated
A: small, mutation resistance 1
a: Potion Petition, Call Merchant, Bribe Branch, Renounce Religion, Evoke
Berserk Rage, Evoke Invisibility


You were on level 8 of the Dungeon.
You worshipped Gozag.
Gozag was aware of your devotion.
You were near starving.

You visited 2 branches of the dungeon, and saw 9 of its levels.

You collected 538 gold pieces.
You paid 142 gold pieces to Gozag.

Inventory:

Hand Weapons
 a - the +10 mace of Courage (weapon) {vorpal, +Rage Str-5 Int+4}
   (You found it on level 5 of the Dungeon)

   It inflicts extra damage upon your enemies.
   It affects your strength (-5).
   It affects your intelligence (+4).
   It lets you go berserk.
 u - a +0 hunting sling
 w - a +2 short sword of flaming
 E - a +0 scimitar
Missiles
 b - 229 stones
 d - 59 arrows
 i - 16 bolts
 l - 13 poisoned darts (quivered)
 n - 78 sling bullets
 y - 13 boomerangs
 A - 3 throwing nets
Armour
 m - a +1 leather armour of fire resistance (worn)
 p - a +0 helmet (worn)
 q - a +0 buckler
 z - a +0 cloak
 F - the +1 scale mail "Fuuryph" {*Corrode Str+6 Dex+2}
   (You found it on level 6 of the Dungeon)

   It affects your strength (+6).
   It affects your dexterity (+2).
   It may corrode you when you take damage.
 G - a scarf of invisibility (worn)
Wands
 r - a wand of paralysis (5)
 D - a wand of polymorph (11)
Scrolls
 e - 5 scrolls of remove curse
 k - 2 scrolls of amnesia
 o - a scroll of enchant weapon
 s - 2 scrolls of teleportation
 v - a scroll of fog
 x - 3 scrolls of blinking
Potions
 f - a potion of lignification
 g - 2 potions of haste
 h - a potion of flight
 j - 2 potions of curing
 t - 2 potions of brilliance
 B - a potion of stabbing
 C - a potion of heal wounds
Comestibles
 c - 13 rations


   Skills:
 + Level 5.5 Fighting
 + Level 5.7 Armour
 + Level 4.1 Dodging
 - Level 3.0 Stealth
 + Level 2.5 Shields
 * Level 5.7 Spellcasting
 - Level 6.0 Ice Magic
 + Level 6.4 Evocations


You had 16 spell levels left.
You knew the following spells:

 Your Spells              Type           Power        Failure   Level  Hunger
a - Freeze                Ice            ####         1%          1    None
b - Frozen Ramparts       Ice            ####..       4%          3    ##.....

Your spell library contained the following spells:

 Spells                   Type           Power        Failure   Level  Hunger
 Ozocubu's Armour         Chrm/Ice       ###.....     16%         3    ##.....
 Hailstorm                Conj/Ice       ###.....     45%         4    ####...
 Summon Ice Beast         Ice/Summ       ###.....     45%         4    ####...


Dungeon Overview and Level Annotations

Branches:
Dungeon (8/15)             Temple (1/1) D:7            Lair (0/6) D:8

Altars:
Ashenzari
Cheibriados
Dithmenos
Elyvilon
Fedhas
Gozag
Hepliaklqana
Kikubaaqudgha
Makhleb
Nemelex Xobeh
Okawaru
Qazlal
Ru
Sif Muna
Trog
Uskayaw
Vehumet
Wu Jian
Xom
Yredelemnul
Zin
The Shining One


Innate Abilities, Weirdness & Mutations

You are small and have problems with some larger weapons.
You are somewhat resistant to further mutation.


Message History

Aiming: Freeze (safe; 1% risk of failure)
Press: ? - help, Shift-Dir - straight line, f/p - black bear
Aim: a black bear (severely wounded, berserk)
You miscast Freeze.
You are very lightly contaminated with residual magic.
Nothing appears to happen.
The wall freezes the black bear.
The black bear bites you!
* * * LOW HITPOINT WARNING * * *
The black bear claws you.
* * * LOW HITPOINT WARNING * * *
The black bear claws you.
* * * LOW HITPOINT WARNING * * *
The wall freezes the black bear.
The black bear closely misses you. The black bear claws you!
* * * LOW HITPOINT WARNING * * *
The black bear closely misses you.
The wall freezes the black bear but do no damage.
The wall freezes the black bear. x2; The black bear bites you!
You die...
Your body crumbles into a pile of gold.

#......P.P.P..(.
#...P.P.P....#
#.P....PP....#.#
##....P)P.P.##.#
###.....P..P##.#
.......P...####.#
########.### #.#
#####$######.#
#....$.h@....#
#.###.#####..######
.# #.# #.......###
.....# #..........
...# #..####.##.
####.#####..# #
............#
######.#...# $
#.#...#


You could see a black bear (berserk).

Vanquished Creatures
  Pikel (D:7)
  Prince Ribbit (D:5)
  2 hippogriffs
  A yak (D:8)
  3 porcupines (D:8)
  An orc warrior (D:6)
  A slave (D:7)
  2 black bears (D:8)
  A phantom (D:7)
  An ice beast (D:8)
  4 ogres
  A centaur (D:5)
  A big kobold (D:8)
  4 bullfrogs
  A scorpion (D:7)
  2 howler monkeys
  2 crimson imps (D:6)
  2 jellies (D:6)
  A hound (D:4)
  6 orc priests
  Crazy Yiuf (D:5)
  4 orc wizards
  A centaur skeleton (D:6)
  A gnoll shaman (D:5)
  An iguana (D:8)
  4 worker ants
  A killer bee zombie (D:8)
  10 gnolls
  12 adders
  A shadow imp (D:6)
  3 oozes
  An adder skeleton (D:8)
  A worm (D:2)
  A dart slug (D:4)
  27 orcs
  6 giant cockroaches
  11 goblins
  13 hobgoblins
  3 jackals (D:4)
  3 quokkas
  7 ball pythons
  8 bats
  2 frilled lizards (D:2)
  12 kobolds
  8 rats
180 creatures vanquished.

Vanquished Creatures (others)
  A worker ant zombie (D:7)
  A howler monkey skeleton (D:7)
  26 fungi (D:8)
  2 plants (D:8)
30 creatures vanquished.

Grand Total: 210 creatures vanquished

Notes
Turn   | Place    | Note
-------+----------+-------------------------------------------
     0 | D:1      | Kagalorn the Halfling Ice Elementalist began the quest for
                  | the Orb.
     0 | D:1      | Reached XP level 1. HP: 11/11 MP: 3/3
   328 | D:1      | Reached XP level 2. HP: 10/17 MP: 0/4
   731 | D:1      | Reached XP level 3. HP: 21/21 MP: 5/5
  1454 | D:2      | Reached XP level 4. HP: 21/27 MP: 4/7
  1466 | D:2      | Learned a level 3 spell: Frozen Ramparts
  2715 | D:3      | Reached XP level 5. HP: 31/31 MP: 8/8
  3105 | D:3      | Reached skill level 5 in Ice Magic
  3728 | D:4      | Noticed an ogre
  3881 | D:3      | Killed an ogre
  3881 | D:3      | Reached XP level 6. HP: 3/36 MP: 10/10
  4734 | D:4      | Reached skill level 1 in Fighting
  4734 | D:4      | Reached skill level 1 in Armour
  4785 | D:4      | Reached XP level 7. HP: 43/43 MP: 7/11
  5263 | D:5      | Entered Level 5 of the Dungeon
  5266 | D:5      | Noticed Prince Ribbit
  5539 | D:5      | Found a runed translucent door.
  5540 | D:5      | Noticed Crazy Yiuf
  5558 | D:5      | Killed Crazy Yiuf
  5576 | D:5      | Got an iridescent mace
  5582 | D:5      | Identified the +10 mace of Courage {vorpal, +Rage Str-5
                  | Int+4} (You found it on level 5 of the Dungeon)
  5789 | D:5      | Reached skill level 1 in Evocations
  6083 | D:5      | Reached XP level 8. HP: 51/51 MP: 8/12
  7414 | D:6      | Got a smoking scale mail
  8373 | D:7      | Found a staircase to the Ecumenical Temple.
  8594 | D:7      | Noticed Pikel
  8610 | D:7      | Killed Pikel
  8610 | D:7      | Reached skill level 5 in Fighting
  8610 | D:7      | Reached skill level 5 in Armour
  8610 | D:7      | Reached XP level 9. HP: 61/61 MP: 6/15
  8695 | D:7      | Noticed a hippogriff
  8710 | D:7      | Killed a hippogriff
  8727 | D:7      | Identified the +1 scale mail "Fuuryph" {*Corrode Str+6
                  | Dex+2} (You found it on level 6 of the Dungeon)
  8940 | D:7      | Reached skill level 5 in Evocations
  9258 | D:8      | Found a blossoming altar of Fedhas.
  9374 | Temple   | Entered the Ecumenical Temple
  9465 | Temple   | Became a worshipper of Gozag Ym Sagoz the Greedy
  9623 | D:5      | Killed Prince Ribbit
  9623 | D:5      | Reached skill level 5 in Spellcasting
  9975 | D:8      | Reached skill level 1 in Shields
  9975 | D:8      | Reached XP level 10. HP: 57/66 MP: 13/17
 10077 | D:8      | Found a staircase to the Lair.
 10224 | D:8      | Mangled by a black bear

Illustrated notes

Levels and vault maps discovered:
D:1:      shiori_arrival_elements, layout_basic
D:2:      layout_basic, first_ration
D:3:      corexii_shack_village, layout_basic, kennysheep_generic_room_4
D:4:      layout_basic
D:5:      layout_basic, uniq_crazy_yiuf_cottage, uniq_prince_ribbit1
D:6:      layout_loops_corners
D:7:      layout_basic, minmay_temple_entry_proselytizer,
          minmay_misc_feat_hallway, uniq_pikel
D:8:      layout_loops_ring, nicolae_overflow_crystal_walls,
          due_lair_maze_entry_diamond, ebering_ghost_reflecting_pool
Temple:   grunt_wide_crystal_templ

Skill      XL: |  1  2  3  4  5  6  7  8  9 10 |
---------------+-------------------------------+-----
Spellcasting   | 2 3 4 5 |  5.7
Stealth        | 3 |  3.0
Dodging        | 3 4 |  4.1
Ice Magic      | 5 6 |  6.0
Fighting       | 1 2 5 |  5.5
Armour         | 1 3 5 |  5.7
Evocations     | 1 4 6 |  6.4
Shields        | 1 2 |  2.5

Action                   |  1- 3 |  4- 6 |  7- 9 | 10-12 || total
-------------------------+-------+-------+-------+-------++-------
Melee: Unarmed           |     7 |       |       |       ||     7
       Dagger            |    39 |       |       |       ||    39
       Short sword       |     5 |   125 |    13 |       ||   143
       Mace              |       |       |   118 |    27 ||   145
Throw: Dart              |       |    11 |    15 |     2 ||    28
 Cast: Freeze            |    33 |    32 |    23 |    11 ||    99
       Frozen Ramparts   |       |     2 |    27 |     7 ||    36
  Use: Scroll            |       |       |    16 |       ||    16
 Stab: Sleeping          |     4 |    11 |     4 |       ||    19
       Distracted        |       |       |     1 |       ||     1
  Eat: Chunk             |     2 |     7 |    13 |       ||    22
       Ration            |       |     1 |     2 |       ||     3
Armor: Robe              |    15 |    18 |    12 |       ||    45
       Leather armour    |       |       |    22 |    13 ||    35
Dodge: Dodged            |    87 |   124 |   150 |    25 ||   386
